[Event "Budapest One Week IM-B 03-2025"]
[Site "Budapest"]
[Date "2025.03.22"]
[Round "9.5"]
[White "Shah, Vishwa"]
[Black "Ongut, Tamas Gunes"]
[Result "1/2-1/2"]
[Annotator "TA"]
[ECO "C84"]
[WhiteElo "2172"]
[BlackElo "2290"]
[PlyCount "111"]
[EventDate "2025.03.17"]
[EventType "tourn"]
[EventCountry "HUN"]
[SourceTitle "playchess.com"]
[Source "ChessBase"]
[SourceQuality "1"]
[TimeControl "5400+30"]

1. e4 e5 2. Nf3 Nc6 3. Bb5 a6 4. Ba4 Nf6 5. O-O Be7 6. d3 b5 7. Bb3 d6 8. c3 O-O 9. a4 Bd7 10. Bc2 h6 11. Re1 Re8 12. Nbd2 Bf8 13. h3 {[%emt 0:02:52] C90: Closed Ruy Lopez with 7...d6: Early deviations.} Rb8 14. axb5 axb5 15. Nf1 d5 16. Ng3 $146 (16. exd5 Nxd5 17. Bb3 Nf6 18. Ng3 b4 19. Bd2 Bd6 20. Nh4 bxc3 21. bxc3 e4 22. dxe4 Bxg3 23. fxg3 {½-½ Navara,D (2667)-Keymer,V (2738) Prague Masters 6th 2024 (2)}) 16... Bd6 17. Nh4 b4 18. Nhf5 Bf8 19. Ba4 bxc3 20. bxc3 Ne7 21. Ba3 Nxf5 22. Nxf5 Bxa4 23. Qxa4 Ra8 24. Qb3 (24. Qxa8 {simplifies} Qxa8 25. Bxf8 Kxf8 26. Rxa8 Rxa8 27. exd5 Nxd5 28. Rxe5 Rd8 29. c4) 24... Rxa3 25. Rxa3 Bxa3 26. Qxa3 dxe4 27. dxe4 Qd2 28. Rf1 Nxe4 29. Qa4 Nf6 $36 {[%emt 0:00:10][%mdl 2048] Black has good play.} (29... Nxc3 $2 {too greedy.} 30. Qxe8+ Kh7 31. Ne7 $18 (31. Qxf7 Qg5 $18) (31. Qxe5 Ne2+ 32. Kh2 Qf4+ 33. Qxf4 Nxf4 $18)) 30. Qc6 Qf4 31. Ne3 {[%emt 0:02:02][%cal Oe3d5] [#]} Re7 32. Nd5 Nxd5 33. Qxd5 $17 {[%emt 0:00:03][%mdl 4096] Endgame Qd8+ would now be deadly. KQR-KQR. Black is a pawn up.} Kh7 34. Qd8 Qf6 35. Rd1 e4 36. c4 Re6 (36... Qe6 $17 37. Qd5 Kg6) 37. Qxc7 Rc6 $1 38. Qd7 Rxc4 39. Qd5 Rb4 40. Qc5 Rb6 41. Re1 Re6 42. Qd5 Qe5 43. Qxe5 Rxe5 $15 {[%emt 0:00:08] KR-KR. Black is a pawn up.} 44. f3 f5 45. fxe4 (45. Kf2 $15) 45... fxe4 ({Better is} 45... Rxe4 $17 46. Rb1 h5) 46. Kf2 $11 {[%emt 0:00:08] The position is equal.} h5 47. Ke3 Re6 48. Kf4 Rf6+ 49. Kg5 Rg6+ 50. Kxh5 Rxg2 {[%emt 0:01:13] [#] ( -> ...g6+)} 51. Rxe4 g6+ 52. Kh4 Kh6 53. Re6 Kg7 54. Ra6 Kh6 55. Rb6 Rg1 56. Ra6 {[%emt 0:00:06] Weighted Error Value: White=0.10 (very precise) /Black=0.09 (flawless)   Mistake:       	White=1     	Black=2      Inaccurate:     	White=4     	Black=2      OK:         	White=15    	Black=14     Best:        	White=2     	Black=4      Strong:       	---       	Black=1} 1/2-1/2